 Dungeon Crawl Stone Soup version 0.28-a0-883-gc8d7bad45d (webtiles) character file.

Game seed: 11036342019009244134

273 horus123 the Distorting Hill Orc (level 6, -7/53 HPs)
             Began as a Hill Orc Abyssal Knight on Nov 22, 2021.
             Was a Believer of Lugonu.
             Mangled by Menkaure (12 damage)
             ... on level 4 of the Dungeon.
             The game lasted 00:07:01 (4486 turns).

horus123 the Distorting Hill Orc (HOAK)             Turns: 4486, Time: 00:07:02

Health: -7/53      AC:  5    Str: 17    XL:     6   Next: 23%
Magic:  10/10      EV: 10    Int: 11    God:    Lugonu [**....]
Gold:   187        SH:  0    Dex: 11    Spells: 5/5 levels left

rFire   . . .      SeeInvis .   k - +0 long sword
rCold   . . .      Faith    .   (no shield)
rNeg    . . .      Spirit   .   m - +0 ring mail
rPois   .          Reflect  .   (no helmet)
rElec   .          Harm     .   (no cloak)
rCorr   .          Rampage  .   (no gloves)
Will    .....                   (no boots)
Stlth   +.........              (no amulet)
HPRegen 0.17/turn               (no ring)
MPRegen 0.12/turn               (no ring)

@: hasted, studying Invocations, very quick
A: no striking features
a: Renounce Religion, Depart the Abyss, Bend Space


You were on level 4 of the Dungeon.
You worshipped Lugonu.
Lugonu was pleased with you.
You visited 1 branch of the dungeon, and saw 4 of its levels.
You visited the Abyss 1 time.

You collected 187 gold pieces.

Inventory:

Hand Weapons
 a - a +1 falchion
 k - a +0 long sword (weapon)
 l - a +1 vorpal trident
 o - a +2 lajatang of venom
Armour
 b - a +0 leather armour
 m - a +0 ring mail (worn)
Jewellery
 r - an amulet of guardian spirit
Scrolls
 q - a scroll of teleportation
Potions
 d - a potion of invisibility {unknown}
 e - a potion of heal wounds {unknown}
 f - a potion of ambrosia {unknown}
 g - a potion of brilliance {unknown}
 h - a potion of cancellation {unknown}
 i - a potion of flight {unknown}
 j - a potion of curing {unknown}
 n - a potion of attraction {unknown}
 s - a potion of degeneration {unknown}
 u - a potion of lignification {unknown}


   Skills:
 - Level 4.5 Fighting
 - Level 3.4 Long Blades
 - Level 3.2 Armour
 - Level 1.3 Dodging
 - Level 0.2 Stealth
 + Level 6.0 Invocations


You had 5 spell levels left.
You didn't know any spells.
Your spell library contained the following spells:

 Spells                   Type           Power      Damage    Failure   Level
 Passwall                 Tmut/Erth      0%         N/A       67%         2
 Summon Ice Beast         Ice/Summ       0%         N/A       99%         4
 Alistair's Intoxication  Tmut/Pois      0%         N/A       100%        5
 Monstrous Menagerie      Summ           0%         N/A       100%        7


Dungeon Overview and Level Annotations

Branches:
Dungeon (4/15)             Temple (0/1) D:4

Altars:
Elyvilon

Annotations:
D:4 exclusion: oklob sapling, Menkaure


Message History

The hound skeleton is heavily damaged.
The hound skeleton barely misses you.
The hound skeleton bites you but does no damage.
You closely miss the hound skeleton.
The hound skeleton is heavily damaged.
The hound skeleton bites you but does no damage.
The hound skeleton closely misses you.
You hit the hound skeleton.
The hound skeleton is severely damaged.
The hound skeleton bites you but does no damage.
You slash the hound skeleton!
You destroy the hound skeleton!
Lugonu accepts your kill.
Your Invocations skill increases to level 6!
No target in view!
Found a stone staircase leading down.
Found 11 stones.
Menkaure, Prince of Dust comes into view.
Menkaure shouts!
You hit Menkaure but do no damage. Menkaure hits you.
You hit Menkaure.
Menkaure is lightly damaged.
Menkaure calls on the powers of darkness!
Your body is wracked with pain!
You are too injured to fight recklessly!
You are too injured to fight recklessly!
You are too injured to fight recklessly!
It was a potion of haste.
You feel yourself speed up. Menkaure hits you!
* * * LOW HITPOINT WARNING * * *
You are too injured to fight recklessly!
You slash Menkaure!
Menkaure is moderately damaged.
Menkaure hits you!
* * * LOW HITPOINT WARNING * * *
You slash Menkaure!
Menkaure is severely damaged.
You barely miss Menkaure.
Menkaure is severely damaged.
Menkaure hits you!
You die...

..... ..... ......
......
##########......
#...............
#.........:.....
#.......@M......
######........>.(....
#..............######
#......#######.#
#......# .# #......#
.# #......# ..
#......### #.
#........######


You could see Menkaure.

Vanquished Creatures
  A necrophage (D:4)
  A hound (D:4)
  Natasha (D:3)
  A hound skeleton (D:4)
  5 adders
  3 dart slugs (D:1)
  5 ball pythons
  5 endoplasms
  2 giant cockroaches (D:2)
  7 goblins
  7 hobgoblins
  6 kobolds
  2 quokkas (D:1)
  8 bats
  5 frilled lizards
  11 rats
70 creatures vanquished.

Notes
Turn   | Place    | Note
-------+----------+-------------------------------------------
     0 | Abyss:1  | horus123 the Hill Orc Abyssal Knight began the quest for
                  | the Orb.
     0 | Abyss:1  | Reached XP level 1. HP: 19/19 MP: 2/2
     0 | Abyss:1  | Found a corrupted altar of Lugonu.
    90 | D:1      | Escaped the Abyss
   379 | D:1      | Reached XP level 2. HP: 27/27 MP: 3/3
   793 | D:1      | Reached XP level 3. HP: 26/33 MP: 5/5
   942 | D:1      | Reached ** piety under Lugonu
  1138 | D:1      | Found a faded altar of an unknown god.
  1336 | D:2      | Reached skill level 3 in Invocations
  1634 | D:2      | Reached skill level 1 in Dodging
  1741 | D:2      | Reached XP level 4. HP: 12/41 MP: 6/6
  3399 | D:3      | Noticed Natasha
  3411 | D:3      | HP: 1/41 [Natasha (7)]
  3414 | D:3      | Killed Natasha
  3415 | D:3      | Reached XP level 5. HP: 2/47 MP: 7/7
  3421 | D:3      | Got Rior's Guide on Supportive Moulding
  4173 | D:4      | Noticed a necrophage
  4186 | D:4      | Killed a necrophage
  4187 | D:4      | Reached skill level 5 in Invocations
  4187 | D:4      | Reached XP level 6. HP: 48/53 MP: 7/10
  4213 | D:4      | Found a white marble altar of Elyvilon.
  4343 | D:4      | Identified a scroll of acquirement
  4344 | D:4      | Acquired a manual of Invocations
  4356 | D:4      | Found a staircase to the Ecumenical Temple.
  4449 | D:4      | Reached skill level 6 in Invocations
  4477 | D:4      | Noticed Menkaure
  4486 | D:4      | Mangled by Menkaure

Illustrated notes

Levels and vault maps discovered:
D:1:      evilmike_arrival_rings, layout_basic, shapermc_ecumenical_altar_venn
D:2:      layout_basic, minmay_tromino_v4_b
D:3:      layout_loops_cross, minmay_misc_feat_room, minmay_cut_off,
          uniq_natasha
D:4:      layout_basic, nicolae_overflow_crystal_walls,
          minmay_temple_entry_oklob, minmay_manual_maat, uniq_blork_the_orc,
          uniq_sigmund, uniq_eustachio, uniq_menkaure

Skill      XL: |  1  2  3  4  5  6 |
---------------+-------------------+-----
Fighting       | 4 |  4.5
Invocations    | 3 5 6 |  6.0
Dodging        | 1 |  1.3
Armour         | 3 |  3.2
Long Blades    | 3 |  3.4
Stealth        | |  0.2

Action                   |  1- 3 |  4- 6 || total
-------------------------+-------+-------++-------
Melee: Falchion          |    97 |       ||    97
       Long sword        |    15 |   137 ||   152
Invok: Bend Space        |       |    15 ||    15
  Use: Scroll            |     2 |     6 ||     8
       Potion            |       |     1 ||     1
Armor: Leather armour    |    38 |    11 ||    49
       Ring mail         |       |    42 ||    42
Dodge: Dodged            |    71 |   102 ||   173

Table legend: (Time is in decaauts)
 A = Elapsed time spent in this place.
 B = Non-inter-level travel time spent in this place.
 C = Inter-level travel time spent in this place.
 D = Time resting spent in this place.
 E = Time spent auto-exploring this place.
 F = Levels seen in this place.
 G = Mean time per level.
                   A        B        C        D        E       F      G
               +--------+--------+--------+--------+--------+-----+--------+
         Total |   4536 |   4443 |     93 |    933 |   2854 |   5 |  907.2 |
       Dungeon |   4446 |   4353 |     93 |    933 |   2774 |   4 | 1111.5 |
         Abyss |     90 |     90 |      0 |      0 |     80 |   1 |   90.0 |
               +--------+--------+--------+--------+--------+-----+--------+

Top non-repeatable levels by time:
     D:2: 1588 daAuts
     D:3: 1275 daAuts
     D:1: 1244 daAuts
     D:4: 339 daAuts
 Abyss:1: 90 daAuts
